 Dungeon Crawl Stone Soup version 0.31-a0-426-g3a05650e59 (webtiles) character file.

Game seed: 12979553955174154557

86 Gelion the Changeling (level 4, -5/14 HPs)
             Began as an Octopode Shapeshifter on July 31, 2023.
             Slain by Grinder (7 damage)
             ... on level 3 of the Dungeon.
             The game lasted 00:02:29 (1333 turns).

Gelion the Changeling (Octopode Shapeshifter)       Turns: 1333, Time: 00:02:30

Health: -5/14      AC:  1    Str: 14    XL:     4   Next: 49%
Magic:  4/4        EV: 13    Int: 10    God:
Gold:   94         SH:  0    Dex: 14    Spells: 3/3 levels left

rFire   . .          .
                       - Unarmed
rCold   . . .        (no shield)
rNeg    . . .        (helmet restricted)
rPois   .            k - amulet of magic regeneration
rElec   .            (no ring)
rCorr   .            (no ring)
SInv    .            (no ring)
Will    .....        (no ring)
Stlth   ++           (no ring)
HPRegen 0.22/turn    (no ring)
MPRegen 0.49/turn    (no ring)
                     (no ring)

%: no passive effects
@: maw-form
A: devouring maw, reduced hp, almost no armour, amphibious, 8 rings, camouflage
1, gelatinous body 1, (nimble swimmer 1), tentacles
a: Begin Untransformation


You were on level 3 of the Dungeon.
You were a creature with a mouth for a stomach.
You visited 1 branch of the dungeon, and saw 3 of its levels.

You collected 94 gold pieces.

Inventory:

Missiles
 i - a throwing net
Jewellery
 k - an amulet of magic regeneration (around mantle)
Talismans
 b - a beast talisman
 e - a maw talisman (active)
Wands
 m - a wand of polymorph (8)
Scrolls
 c - a scroll of enchant weapon {unknown}
 d - 4 scrolls of identify {unknown}
 f - 2 scrolls of teleportation {unknown}
 g - a scroll of brand weapon {unknown}
 l - a scroll of fog {unknown}
Potions
 a - a potion of lignification
 h - a potion of attraction {unknown}
 j - a potion of resistance {unknown}
 n - 2 potions of brilliance {unknown}
 o - a potion of heal wounds {unknown}


   Skills:
 + Level 2.1 Fighting
 - Level 2.0 Dodging
 + Level 3.6 Unarmed Combat
 * Level 3.8 Shapeshifting


You had 3 spell levels left.
You didn't know any spells.
Your spell library contained the following spells:

 Spells                   Type           Power      Damage    Failure   Level
 Slow                     Hex            0%         N/A       36%         1
 Sting                    Tmut/Pois      0%         1d3       36%         1
 Poisonous Vapours        Pois/Air       0%         N/A       50%         2
 Confusing Touch          Hex            0%         N/A       75%         3
 Frozen Ramparts          Ice            0%         1d1       75%         3
 Vampiric Draining        Necr           0%         2d6       75%         3
 Olgreb's Toxic Radiance  Pois           0%         N/A       98%         4
 Petrify                  Tmut/Erth      0%         N/A       98%         4
 Metabolic Englaciation   Hex/Ice        0%         N/A       100%        5


Dungeon Overview and Level Annotations

Branches:
Dungeon (3/15)

Altars:

Annotations:
D:3 Grinder


Innate Abilities, Weirdness & Mutations

You are a creature with a mouth for a stomach.
Your midsection houses a second, enormous mouth.
Your maximum health is decreased, since you lack skill for your form.
You cannot wear most types of armour.
You are amphibious.
You can wear up to eight rings at the same time.
Your skin changes colour to match your surroundings (Stealth+).
Your rubbery body absorbs attacks. (AC +1, EV +1)
((You are camouflaged when in or above water. (Stealth+)))
You have tentacles for arms and can constrict up to eight enemies at once.


Message History

The gnoll is severely wounded.
The gnoll misses you. The gnoll barely misses you.
You tentacle-slap the gnoll. You grab the gnoll. You squeeze the gnoll.
You devour the gnoll!
You feel better.
You kill the gnoll!
The gnoll misses you. The gnoll closely misses you.
You see here a +0 spear.
You tentacle-slap the gnoll but do no damage.
You grab the gnoll. You squeeze the gnoll!
The gnoll is heavily wounded.
You constrict the gnoll. The gnoll barely misses you.
You tentacle-slap the gnoll.
The gnoll is almost dead.
You constrict the gnoll.
You kill the gnoll!
You see here a +0 spear.
An endoplasm comes into view.
An endoplasm is nearby!
The helpless endoplasm fails to defend itself.
You tentacle-slap the endoplasm. You bite the endoplasm.
You kill the endoplasm!
No target in view!
Found an escape hatch in the ceiling.
Found a stone staircase leading down.
Grinder comes into view.
Grinder is nearby!
Grinder gestures at you. Pain shoots through your body!
Ouch! That really hurt!
* * * LOW HITPOINT WARNING * * *
You are too injured to fight recklessly!
You are too injured to fight recklessly!
Unknown command.
You tentacle-slap Grinder. Your grab misses Grinder.
You bite Grinder, but do no damage.
Grinder is lightly wounded.
Grinder hits you!
Ouch! That really hurt!
You die...

#..# .# #####.....#
##.######.#............
#.............##....##
#.###.#.#.#.........##
###.#...>## #.##....##
..<...#.## # #.#.##
###.#....## ##.##.#.##
#.....#.#...........#
#....W....###.###...##
####.#5#### #....... #.
.# #....... #. .#
#.>..... #. .# ###....†
#. .. #...## .. ##
....## .# ##### ####


You could see Grinder.

Vanquished Creatures
  4 gnolls (D:3)
  4 endoplasms
  A giant cockroach (D:1)
  6 goblins
  5 hobgoblins
  2 jackals (D:2)
  4 kobolds (D:1)
  A quokka (D:1)
  11 ball pythons
  2 bats
  2 frilled lizards
  3 rats
45 creatures vanquished.

Notes
Turn   | Place    | Note
-------+----------+-------------------------------------------
     0 | D:1      | Gelion the Octopode Shapeshifter began the quest for the
                  | Orb.
     0 | D:1      | Reached XP level 1. HP: 13/13 MP: 1/1
    93 | D:1      | Reached XP level 2. HP: 18/18 MP: 2/2
   483 | D:1      | Reached XP level 3. HP: 10/23 MP: 3/3
   627 | D:2      | You fall into a shaft and drop 1 floor!
  1216 | D:3      | Reached XP level 4. HP: 9/29 MP: 4/4
  1327 | D:3      | Noticed Grinder
  1333 | D:3      | Slain by Grinder

Illustrated notes

Levels and vault maps discovered:
D:1:      minmay_arrival_four_loops, layout_basic
D:2:      layout_rooms
D:3:      layout_loops_ring, nemelex_spade_bored_becter,
          nicolae_wu_jian_wuxing_cycle, uniq_grinder

Skill      XL: |  1  2  3 |
---------------+----------+-----
Fighting       | 2 |  2.1
Dodging        | |  2.0
Unarmed Combat | |  3.6
Shapeshifting  | |  3.8

Action                     |  1- 3 |  4- 6 || total
---------------------------+-------+-------++-------
  Melee: Unarmed           |    68 |     7 ||    75
         Constrict         |    19 |     2 ||    21
         Tentacles         |     9 |     2 ||    11
         Maw               |     4 |     3 ||     7
         Punch             |     1 |       ||     1
   Stab: Sleeping          |     3 |     1 ||     4
 Armour: Skin              |     5 |       ||     5
  Dodge: Dodged            |    33 |     7 ||    40
   Form: Maw               |     1 |       ||     1

Table legend: (Time is in decaauts)
 A = Elapsed time spent in this place.
 B = Non-inter-level travel time spent in this place.
 C = Inter-level travel time spent in this place.
 D = Time resting spent in this place.
 E = Time spent auto-exploring this place.
 F = Levels seen in this place.
 G = Mean time per level.
                   A        B        C        D        E       F      G
               +--------+--------+--------+--------+--------+-----+--------+
         Total |   1327 |   1305 |     22 |      0 |   1046 |   3 |  442.3 |
       Dungeon |   1327 |   1305 |     22 |      0 |   1046 |   3 |  442.3 |
               +--------+--------+--------+--------+--------+-----+--------+

Top non-repeatable levels by time:
     D:1: 545 daAuts
     D:2: 519 daAuts
     D:3: 262 daAuts
